 Dungeon Crawl Stone Soup version 0.30-a0-371-gad7725a93e (webtiles) character file.

Game seed: 6936442179234233837

144 themarg the Conjurer (level 5, -1/38 HPs)
             Began as a Draconian Conjurer on Nov 22, 2022.
             Slain by a bullfrog (4 damage)
             ... in a sewer.
             The game lasted 00:09:27 (2977 turns).

themarg the Conjurer (Draconian Conjurer)           Turns: 2977, Time: 00:09:28

Health: -1/38      AC:  5    Str:  9    XL:     5   Next: 5%
Magic:  2/10       EV: 12    Int: 20    God:
Gold:   166        SH:  0    Dex: 10    Spells: 7/10 levels left

rFire   . . .      SeeInvis .    g - +0 dagger
rCold   . . .      Faith    .    (no shield)
rNeg    . . .      Spirit   .    (body armour unavailable)
rPois   .          Reflect  .    (helmet restricted)
rElec   .          Harm     .    (no cloak)
rCorr   .          Rampage  .    (no gloves)
Will    .....                    (no boots)
Stlth   ++........               (no amulet)
HPRegen 0.26/turn                (no ring)
MPRegen 0.12/turn                (no ring)

@: hasted, very quick
A: AC +5, unfitting armour, cold-blooded
a: no special abilities


You were in a sewer.
You visited 1 branch of the dungeon, and saw 3 of its levels.
You also visited: Sewer.

You collected 166 gold pieces.

Inventory:

Hand Weapons
 g - a +0 dagger (weapon)
Missiles
 f - 20 stones
Jewellery
 d - an amulet of faith
Scrolls
 b - 3 scrolls of teleportation {unknown}
 e - a scroll of vulnerability {unknown}
 h - 5 scrolls of identify {unknown}
 i - a scroll of fear {unknown}
 j - 2 scrolls of enchant armour {unknown}
 k - 2 scrolls of immolation {unknown}
Potions
 a - a potion of magic
 c - 2 potions of haste
 l - 2 potions of degeneration {unknown}


   Skills:
 - Level 1.7 Dodging
 - Level 3.0 Stealth
 + Level 3.3 Spellcasting
 + Level 5.0 Conjurations


You had 7 spell levels left.
You knew the following spells:

 Your Spells              Type           Power      Damage    Failure   Level
a - Magic Dart            Conj           92%        1d7       1%          1
b - Searing Ray           Conj           46%        2d6       2%          2

Your spell library contained the following spells:

 Spells                   Type           Power      Damage    Failure   Level
 Dazzling Flash           Conj/Hex       26%        N/A       14%         3
 Kindle Blastsparks       Fire/Tloc/Air  6%         2d10      38%         3
 Fulminant Prism          Conj/Hex       6%         3d7       43%         4
 Iskenderun's Mystic Bla  Conj/Tloc      13%        2d5       43%         4
 Lee's Rapid Deconstruct  Erth           1%         3d4*      98%         5


Dungeon Overview and Level Annotations

Branches:
Dungeon (3/15)              Sewer (1/1)

Altars:

Shops:
D:1 *


Innate Abilities, Weirdness & Mutations

Your plain brown scales are hard. (AC +5)
You cannot fit into any form of body armour.
You are cold-blooded and may be slowed by cold attacks.


Message History

Press: ? - help, Shift-Dir - straight line, f - bullfrog
Aim: a bullfrog (72% to hit)
The searing ray hits the bullfrog!
The bullfrog is moderately wounded. (Press . to maintain the ray.)
The bullfrog hits you but does no damage.
The bullfrog barely misses you. x2
The searing ray misses the bullfrog.
The bullfrog hits you but does no damage. x2
The bullfrog barely misses you.
The searing ray misses the bullfrog.
The searing ray misses the giant cockroach.
The bullfrog barely misses you. The bullfrog misses you. The bullfrog hits you!
The searing ray hits the bullfrog!
The bullfrog is severely wounded.
The searing ray hits the giant cockroach!
You kill the giant cockroach!
You finish channelling your searing ray.
The bullfrog barely misses you. The bullfrog closely misses you.
The bullfrog hits you.
Casting: Searing Ray (safe; 2% risk of failure)
Confirm with . or Enter, or press ? or * to list all spells.
Aiming: Searing Ray (safe; 2% risk of failure)
Press: ? - help, Shift-Dir - straight line, f/p - bullfrog
Aim: a bullfrog (severely wounded, 72% to hit)
The searing ray misses the bullfrog. (Press . to maintain the ray.)
The bullfrog hits you. x3
* * * LOW HITPOINT WARNING * * *
The searing ray misses the bullfrog.
The bullfrog hits you.
* * * LOW HITPOINT WARNING * * *
The bullfrog hits you.
* * * LOW HITPOINT WARNING * * *
The bullfrog closely misses you.
It was a potion of haste.
You feel yourself speed up. The bullfrog misses you.
The bullfrog hits you but does no damage.
The bullfrog hits you.
* * * LOW HITPOINT WARNING * * *
The bullfrog hits you.
You die...

#~~##~~~~~†~~~##~~##
†~~#~~~~~~~~~†~~~~.#
†~##~~~#######.~~~~#
.~#.~~##≈~~~~###~#######
~~#†~##≈~.~~~~~###~~~~.#
~##~~#≈~~.~~.~~~.#....~#
~#~~##≈~.)~.~##†.#~~~~~#
~#~~#≈~.:!$~~~#FF#.~#~~#
.#~~#≈..!?~~~~#~@#~~#~.#
~#~~#≈~~:.~~~~#~~##~#.~#
.#.~#≈≈B.~S.~≈#.~~#.#.~#
~#~~#≈≈B~~~.~≈#~~∩#~#.~#
.#~~##≈≈~~~~≈##~~~#~#~~#
~##~~# #~.###†#~~#
.~#~~## ##†~#~~~#~.#
.~#..†## ##~~~#~.##†##
~~##~~~#####.~~##~†#..#


You could see 2 bullfrogs.

Vanquished Creatures
  4 adders
  A worm (D:3)
  A dart slug (D:1)
  10 ball pythons
  12 endoplasms
  17 giant cockroaches
  5 goblins
  6 hobgoblins
  3 jackals (D:1)
  4 quokkas
  5 bats (D:1)
  13 frilled lizards
  3 kobolds (D:1)
  8 rats
92 creatures vanquished.

Notes
Turn   | Place    | Note
-------+----------+-------------------------------------------
     0 | D:1      | themarg the Draconian Conjurer began the quest for the Orb.
     0 | D:1      | Reached XP level 1. HP: 14/14 MP: 3/3
    88 | D:1      | Found Hiddicath's General Store.
   271 | D:1      | Reached XP level 2. HP: 15/20 MP: 0/5
   274 | D:1      | Learned a level 2 spell: Searing Ray
   763 | D:1      | Reached XP level 3. HP: 26/26 MP: 4/6
  2026 | D:3      | Found a glowing drain.
  2040 | D:3      | Reached XP level 4. HP: 33/33 MP: 3/8
  2090 | Sewer    | Entered a sewer
  2776 | Sewer    | Reached XP level 5. HP: 38/38 MP: 1/9
  2817 | Sewer    | Reached skill level 5 in Conjurations
  2977 | Sewer    | Slain by a bullfrog

Illustrated notes

Levels and vault maps discovered:
D:1:      wander_arrival_chamber, layout_rooms, serial_shops,
          nicolae_shop_statue_plus
D:2:      layout_rooms, minmay_tree_intersection
D:3:      layout_basic, portal_sewer_entry_c
Sewer:    sewer_frog_island_02

Skill      XL: |  1  2  3  4  5 |
---------------+----------------+-----
Stealth        | 2 3 |  3.0
Spellcasting   | 3 |  3.3
Conjurations   | 5 |  5.0
Dodging        | |  1.7

Action                   |  1- 3 |  4- 6 || total
-------------------------+-------+-------++-------
Melee: Unarmed           |    10 |       ||    10
       Dagger            |     5 |    36 ||    41
       Tailslap          |     1 |     7 ||     8
       Punch             |       |     1 ||     1
 Cast: Magic Dart        |    80 |    30 ||   110
       Searing Ray       |     6 |    18 ||    24
  Use: Potion            |       |     1 ||     1
Armor: Skin              |     3 |    19 ||    22
Dodge: Dodged            |    13 |    38 ||    51

Table legend: (Time is in decaauts)
 A = Elapsed time spent in this place.
 B = Non-inter-level travel time spent in this place.
 C = Inter-level travel time spent in this place.
 D = Time resting spent in this place.
 E = Time spent auto-exploring this place.
 F = Levels seen in this place.
 G = Mean time per level.
                   A        B        C        D        E       F      G
               +--------+--------+--------+--------+--------+-----+--------+
         Total |   3037 |   3023 |     14 |    837 |   1619 |   4 |  759.2 |
       Dungeon |   2090 |   2076 |     14 |    199 |   1575 |   3 |  696.7 |
         Sewer |    947 |    947 |      0 |    638 |     44 |   1 |  947.0 |
               +--------+--------+--------+--------+--------+-----+--------+

Top non-repeatable levels by time:
     D:1: 1232 daAuts
   Sewer: 947 daAuts
     D:2: 660 daAuts
     D:3: 196 daAuts
